 Dungeon Crawl Stone Soup version 0.29-a0-330-g52719c12eb (webtiles) character file.

Game seed: 17542329264320437327

854 kae the Firebug (level 7, 0/75 HPs)
             Began as a Demigod Fire Elementalist on Apr 23, 2022.
             Slain by an orc
             ... wielding a +0 whip
              (4 damage)
             ... on level 5 of the Dungeon.
             The game lasted 00:03:33 (6516 turns).

kae the Firebug (Demigod Fire Elementalist)         Turns: 6516, Time: 00:03:34

Health: 0/75       AC:  5    Str:  9    XL:     7   Next: 42%
Magic:  10/17      EV: 12    Int: 25    God:
Gold:   641        SH:  0    Dex: 14    Spells: 5/14 levels left

rFire   . . .      SeeInvis +   n - staff of conjuration
rCold   + . .      Faith    .   (no shield)
rNeg    . . .      Spirit   .   a - +1 robe
rPois   .          Reflect  .   (no helmet)
rElec   .          Harm     .   q - +0 cloak
rCorr   .          Rampage  .   g - +0 pair of gloves
Will    .....                   (no boots)
Stlth   ..........              (no amulet)
HPRegen 0.22/turn               i - ring of see invisible
MPRegen 0.15/turn               (no ring)

@: berserking, very quick
A: high MP 1, forlorn, divine attributes, cold resistance 1, sturdy frame 1
a: no special abilities


You were on level 5 of the Dungeon.
You visited 1 branch of the dungeon, and saw 5 of its levels.

You collected 641 gold pieces.

Inventory:

Hand Weapons
 f - a +0 falchion
 k - a +2 long sword of holy wrath
Missiles
 o - a throwing net
Armour
 a - a +1 robe (worn)
 g - a +0 pair of gloves (worn)
 q - a +0 cloak (worn)
Magical Staves
 n - a staff of conjuration (weapon)
Jewellery
 i - a ring of see invisible (left hand)
 p - a +4 ring of evasion
Scrolls
 c - 2 scrolls of fog
 e - 4 scrolls of teleportation
 t - a scroll of vulnerability {unknown}
 v - 3 scrolls of magic mapping {unknown}
Potions
 b - 2 potions of magic
 d - 2 potions of degeneration
 h - a potion of haste
 j - a potion of heal wounds {unknown}
 l - a potion of mutation
 m - a potion of berserk rage
 r - a potion of attraction {unknown}
 s - a potion of ambrosia {unknown}
 u - 2 potions of curing {unknown}


   Skills:
 - Level 1.7 Dodging
 - Level 1.7 Stealth
 + Level 4.4 Spellcasting
 + Level 4.5 Conjurations
 + Level 5.3 Fire Magic


You had 5 spell levels left.
You knew the following spells:

 Your Spells              Type           Power      Damage    Failure   Level
a - Foxfire               Conj/Fire      100%       2x1d9     1%          1
b - Scorch                Fire           64%        2d8       1%          2
c - Conjure Flame         Conj/Fire      45%        6-21      3%          3
d - Inner Flame           Hex/Fire       18%        N/A       9%          3

Your spell library contained the following spells:

 Spells                   Type           Power      Damage    Failure   Level
 Magic Dart               Conj           100%       1d8       1%          1
 Flame Wave               Conj/Fire      45%        2d10      11%         4
 Call Imp                 Summ           5%         N/A       13%         2
 Mephitic Cloud           Conj/Pois/Air  19%        N/A       14%         3


Dungeon Overview and Level Annotations

Branches:
Dungeon (5/15)
 Temple: D:4-7

Annotations:
D:5 1 runed translucent door, Crazy Yiuf, Pikel


Innate Abilities, Weirdness & Mutations

You have an increased reservoir of magic. (+10% MP)
You shall have no god before yourself.
Your divine heritage dramatically boosts your attributes as you level up.
Your flesh is cold resistant. (rC+)
Your movements are slightly less encumbered by armour. (ER -2)


Message History

The orc wizard gestures at you while chanting.
You easily resist.
Casting: Scorch (safe; 1% risk of failure)
Confirm with . or Enter, or press ? or * to list all spells.
Flames lash the orc.
You kill the orc!
The orc wizard hits you with a +0 dagger.
* * * LOW HITPOINT WARNING * * *
The orc is no longer more vulnerable to fire.
The orc wizard is no longer more vulnerable to fire.
The orc wizard points at you and mumbles some strange words.
The puff of flame hits you!
* * * LOW HITPOINT WARNING * * *
It was a potion of mutation.
You feel extremely strange.
You feel resistant to cold.
You feel less encumbered by your armour.
The orc wizard gestures at you while chanting.
The puff of flame hits you.
* * * LOW HITPOINT WARNING * * *
It was a potion of berserk rage.
A red film seems to cover your vision as you go berserk!
You feel yourself moving faster!
You feel mighty!
The orc wizard hits you but does no damage.
You are too berserk!
Unknown command.
You barely miss the orc wizard.
The orc wizard is almost dead.
The orc wizard hits you but does no damage.
The orc wizard points at you and mumbles some strange words.
The magic dart hits the orc wizard!
The orc wizard dies!
The orc hits you but does no damage. The orc wizard misses you.
Things that are here:
a +0 dagger; a +0 robe; a +0 mace You hit the orc.
The orc is severely wounded.
You hit the orc wizard!
The orc wizard is severely wounded.
The orc hits you with a +0 whip.
You die...

##..........#
............#
#..........#
#....[.....#
#..........#
##...).)....#
......oo..# #@#
#.####♣♣♣♣♣
#..#....♣.♣♣♣ ###
##.......♣..♣#...#
#......♣♣♣♣.+...#
##....♣♣ ♣♣#..)#
####♣♣ ###


You could see an orc wizard (invisible) and an orc.

Vanquished Creatures
  An ice beast (D:5)
  A black bear (D:5)
  A phantom (D:5)
  A bullfrog (D:3)
  A necrophage (D:4)
  A hound (D:4)
  2 orc priests (D:4)
  A jelly (D:4)
  3 iguanas
  3 orc wizards
  A gnoll (D:4)
  8 adders
  A white imp (D:5)
  2 worms (D:2)
  2 dart slugs
  13 orcs
  5 bats
  11 endoplasms
  4 giant cockroaches
  8 goblins
  5 hobgoblins
  6 jackals (D:2)
  5 quokkas
  7 ball pythons
  3 frilled lizards
  4 kobolds
  3 rats
103 creatures vanquished.

Vanquished Creatures (others)
  An orc wizard (D:5)
  313 foxfires
314 creatures vanquished.

Grand Total: 417 creatures vanquished

Notes
Turn   | Place    | Note
-------+----------+-------------------------------------------
     0 | D:1      | kae the Demigod Fire Elementalist began the quest for the
                  | Orb.
     0 | D:1      | Reached XP level 1. HP: 14/14 MP: 5/5
    46 | D:1      | Reached skill level 1 in Conjurations
   394 | D:1      | Reached XP level 2. HP: 20/20 MP: 2/7
   617 | D:1      | Reached skill level 3 in Fire Magic
  1435 | D:1      | Identified a scroll of acquirement
  1435 | D:1      | Acquired 408 gold pieces
  1655 | D:2      | Reached XP level 3. HP: 26/26 MP: 3/9
  2076 | D:2      | Learned a level 2 spell: Scorch
  2326 | D:2      | Learned a level 3 spell: Conjure Flame
  2437 | D:2      | Reached XP level 4. HP: 30/33 MP: 4/10
  2961 | D:3      | Reached XP level 5. HP: 38/38 MP: 9/12
  3977 | D:4      | Reached skill level 4 in Fire Magic
  4772 | D:4      | Reached XP level 6. HP: 45/45 MP: 5/14
  5642 | D:4      | Learned a level 3 spell: Inner Flame
  5896 | D:5      | Entered Level 5 of the Dungeon
  6095 | D:5      | Reached XP level 7. HP: 50/50 MP: 13/16
  6101 | D:5      | Reached skill level 5 in Fire Magic
  6335 | D:5      | Noticed Pikel
  6352 | D:5      | Found a runed translucent door.
  6352 | D:5      | Noticed Crazy Yiuf
  6511 | D:5      | Gained mutation: Your flesh is cold resistant. (rC+)
                  | [potion of mutation]
  6511 | D:5      | Gained mutation: Your movements are slightly less
                  | encumbered by armour. (ER -2) [potion of mutation]
  6511 | D:5      | HP: 2/50 [orc wizard/puff of flame (6)]
  6516 | D:5      | Slain by an orc

Illustrated notes

Levels and vault maps discovered:
D:1:      pf_arrival_petrified_forest, layout_basic, nrook_mini_backslash,
          nicolae_figureground_sparkle
D:2:      layout_rooms, basic_altar
D:3:      layout_loops_corners
D:4:      layout_loops_corners, mainiacjoe_overflow_alcove_1
D:5:      layout_basic, temple_doors_e, uniq_crazy_yiuf_cottage, uniq_pikel

Skill      XL: |  1  2  3  4  5  6  7 |
---------------+----------------------+-----
Conjurations   | 1 2 3 4 |  4.5
Spellcasting   | 2 3 4 |  4.4
Fire Magic     | 3 4 5 |  5.3
Dodging        | |  1.7
Stealth        | |  1.7

Action                   |  1- 3 |  4- 6 |  7- 9 || total
-------------------------+-------+-------+-------++-------
Melee: Unarmed           |     1 |       |       ||     1
       Falchion          |    12 |       |       ||    12
       Long sword        |       |    26 |       ||    26
       Staff             |       |       |    11 ||    11
 Cast: Foxfire           |    82 |    76 |    25 ||   183
       Scorch            |       |    33 |     6 ||    39
  Use: Scroll            |     2 |     8 |     1 ||    11
       Potion            |       |     1 |     2 ||     3
Armor: Robe              |    10 |    15 |    11 ||    36
       Skin              |       |    24 |       ||    24
Dodge: Dodged            |    29 |    34 |    20 ||    83

Table legend: (Time is in decaauts)
 A = Elapsed time spent in this place.
 B = Non-inter-level travel time spent in this place.
 C = Inter-level travel time spent in this place.
 D = Time resting spent in this place.
 E = Time spent auto-exploring this place.
 F = Levels seen in this place.
 G = Mean time per level.
                   A        B        C        D        E       F      G
               +--------+--------+--------+--------+--------+-----+--------+
         Total |   6530 |   6353 |    177 |    529 |   4936 |   5 | 1306.0 |
       Dungeon |   6530 |   6353 |    177 |    529 |   4936 |   5 | 1306.0 |
               +--------+--------+--------+--------+--------+-----+--------+

Top non-repeatable levels by time:
     D:4: 1840 daAuts
     D:1: 1653 daAuts
     D:3: 1468 daAuts
     D:2: 945 daAuts
     D:5: 620 daAuts
